AoeStats
← KaLong

Nomad

507934293Analyzed
4v4 RM · 13d ago on Sep 20, 2026· 31m 21s· 8 players
Game mode
Random Map
Map size
231×231
Population
200
Speed
Normal
Resources
Standard
Victory
Conquest
Starting age
Dark Age
Ending age
Imperial Age
RankedLock teamsTeams togetherTeam positionsShared explorationLock speedFull tech treeHidden civsTurbo modeCheats
Victory
Defeat
🇺🇸 Vikings · United States
1500
+14
🇦🇷 Armenians · Argentina
1454
+16
🇨🇳 Mongols · China
1441
+17
🇺🇸 Koreans · United States
1439
+17
1528
-18
🇻🇳 Persians · Vietnam
1474
-17
🇳🇿 Spanish · New Zealand
1440
-15
🇹🇼 Vikings · Taiwan
1412
-14
KaLong
3:48 Loom
15:04 Feudal Age
19:18 Castle Age
18:26 Double-Bit Axe
27:01 Fletching
28:59 Bodkin Arrow
BomBomB0
4:43 Loom
13:58 Feudal Age
18:17 Castle Age
16:35 Fishing Lines
16:45 Fletching
17:22 Double-Bit Axe
17:29 Gold Mining
18:53 Bodkin Arrow
19:21 Bow Saw
21:37 Town Watch
22:43 Gillnets
23:41 Ballistics
25:17 Clinker Construction
30:27 Imperial Age
28:19 Padded Archer Armor
29:01 Masonry
29:01 Elite Skirmisher
30:35 Leather Archer Armor
30:49 Capped Ram
31:44 Bracer
Nomore
4:04 Loom
13:41 Feudal Age
14:06 Fishing Lines
14:13 Fishing Lines
14:32 Double-Bit Axe
15:26 Town Watch
16:16 Wheelbarrow
19:27 Stone Mining
22:07 Castle Age
21:12 Fletching
21:23 Padded Archer Armor
21:24 Gold Mining
23:10 Bloodlines
23:23 Bodkin Arrow
23:34 Husbandry
24:47 Leather Archer Armor
27:40 Ballistics
Shab
12:11 Feudal Age
10:28 Loom
12:38 Double-Bit Axe
12:44 Gold Mining
15:50 Wheelbarrow
18:58 Fletching
21:50 Castle Age
22:47 Medium Warships
22:33 Bodkin Arrow
24:50 Town Watch
26:21 Sanctity
30:02 Horse Collar
31:40 Fervor
タンヤ
13:29 Feudal Age
17:10 Castle Age
15:50 Gold Mining
15:52 Fletching
16:16 Double-Bit Axe
16:40 Padded Archer Armor
18:08 Bodkin Arrow
18:19 Crossbowman
21:19 Leather Archer Armor
20:56 Loom
ImprovingYeti
3:04 Loom
17:00 Feudal Age
17:27 Fishing Lines
20:47 Castle Age
18:57 Town Watch
19:17 Horse Collar
24:07 Double-Bit Axe
27:13 Fletching
31:06 Bodkin Arrow
shogun
3:37 Loom
14:48 Feudal Age
16:02 Wheelbarrow
15:44 Double-Bit Axe
17:38 Wheelbarrow
18:19 Fletching
18:29 Padded Archer Armor
21:48 Castle Age
20:23 Bloodlines
20:56 Horse Collar
22:21 Forging
22:17 Scale Barding Armor
近视主义不是近视
4:59 Loom
12:41 Feudal Age
16:33 Castle Age
15:46 Double-Bit Axe
19:25 Horse Collar
25:08 Wheelbarrow
25:38 Town Watch
26:50 Heavy Plow
27:17 Bow Saw
27:05 Gold Mining
28:37 Stone Mining
34:02 Imperial Age
Connection lost

Rejoining the realm…

Still unreachable

The connection could not be restored.

Session expired

The server has moved on; the page needs a fresh start.